 Dungeon Crawl Stone Soup version 0.28-a0-1567-g1695149f81 (webtiles) character file.

Game seed: 12493624266587913600

3794 comborobin the Grappler (level 9, -8/97 HPs)
             Began as a Troll Cinder Acolyte on Jan 20, 2022.
             Was a Believer of Cheibriados.
             Mangled by a two-headed ogre (20 damage)
             ... on level 8 of the Dungeon.
             The game lasted 00:06:42 (5966 turns).

comborobin the Grappler (Troll Cinder Acolyte)      Turns: 5966, Time: 00:06:43

Health: -8/97      AC:  7    Str: 30    XL:     9   Next: 96%
Magic:  8/8        EV:  8    Int: 16    God:    Cheibriados [**....]
Gold:   241        SH:  7    Dex: 15    Spells: 10/10 levels left

rFire   . . .      SeeInvis +     - Unarmed
rCold   . . .      Faith    .   p - +0 kite shield
rNeg    . . .      Spirit   .   j - +2 robe {Will+}
rPois   .          Reflect  .   (helmet restricted)
rElec   .          Harm     .   s - +0 cloak
rCorr   .          Rampage  .   (gloves unavailable)
Will    +....                   (boots unavailable)
Stlth   +.........              (no amulet)
HPRegen 1.06/turn               f - ring of see invisible
MPRegen 0.11/turn               (no ring)

@: fire susceptible, very slow
A: large, unfitting armour, claws 3, regeneration 1, shaggy fur 1, tough skin 1,
low mp 1, robust 1, devolution 1
a: Renounce Religion, Bend Time


You were on level 8 of the Dungeon.
You worshipped Cheibriados.
Cheibriados was pleased with you.
You visited 2 branches of the dungeon, and saw 9 of its levels.

You collected 337 gold pieces.
You spent 96 gold pieces at shops.

Inventory:

Hand Weapons
 n - a +1 hand axe of flaming
Armour
 a - a +0 robe
 j - a +2 robe of willpower (worn)
 p - a +0 kite shield (worn)
 s - a +0 cloak (worn)
Jewellery
 f - a ring of see invisible (left claw)
Wands
 i - a wand of polymorph (5)
Scrolls
 c - 6 scrolls of identify {unknown}
 d - 2 scrolls of enchant armour {unknown}
 e - a scroll of enchant weapon {unknown}
 g - 4 scrolls of teleportation {unknown}
 h - 4 scrolls of fog {unknown}
 l - a scroll of torment {unknown}
 m - 2 scrolls of immolation {unknown}
 o - 2 scrolls of magic mapping {unknown}
 v - a scroll of amnesia {unknown}
 w - a scroll of summoning {unknown}
Potions
 b - a potion of degeneration
 k - 4 potions of heal wounds {unknown}
 q - a potion of curing
 r - 3 potions of flight
 t - a potion of attraction {unknown}
 u - a potion of magic {unknown}
 x - a potion of brilliance {unknown}


   Skills:
 + Level 6.1 Fighting
 + Level 1.3 Dodging
 + Level 1.3 Shields
 + Level 12.6 Unarmed Combat
 - Level 1.0 Spellcasting
 - Level 2.1 Fire Magic


You had 10 spell levels left.
You didn't know any spells.
Your spell library contained the following spells:

 Spells                   Type           Power      Damage    Failure   Level
 Scorch                   Fire           14%        2d6       34%         2
 Animate Skeleton         Necr           0%         N/A       50%         1
 Pain                     Necr           0%         1d4       50%         1
 Vampiric Draining        Necr           0%         2d6       86%         3


Dungeon Overview and Level Annotations

Branches:
Dungeon (8/15)             Temple (1/1) D:6
   Lair: D:8-11

Altars:
Ashenzari
Cheibriados
Dithmenos
Elyvilon
Fedhas
Gozag
Hepliaklqana
Kikubaaqudgha
Makhleb
Nemelex Xobeh
Okawaru
Qazlal
Sif Muna
Trog
Vehumet
Wu Jian
Xom
Zin
The Shining One

Shops:
D:4 !   D:6 **


Innate Abilities, Weirdness & Mutations

You are too large for most types of armour.
You have claws for hands.
Your natural rate of healing is unusually fast.
You are covered in fur. (AC +1)
You have tough skin. (AC +1)
Your magical capacity is low. (-10% MP)
You are robust. (+10% HP)
You have hidden genetic defects.


Message History

There is a stone staircase leading up here.
There is an open door here.
There is a stone staircase leading down here.
You climb downwards.
Found 11 gold pieces.
There is a stone staircase leading up here.
You now have 241 gold pieces (gained 11).
Found 22 stones.
A two-headed ogre comes into view.
It is wielding two +0 giant spiked clubs.
Found 24 sling bullets.
The two-headed ogre shouts in stereo!
You hear a shout! x3
A sky beast comes into view.
There are monsters nearby!
The sky beast hits you but does no damage.
You mangle the sky beast!!
The sky beast is severely wounded.
You mangle the sky beast!!
You kill the sky beast!
Cheibriados thoroughly appreciates the change of pace.
An orc comes into view.
It is wielding a +2 hand axe of holy wrath.
The orc shouts!
You scratch the two-headed ogre.
The two-headed ogre is lightly wounded.
The two-headed ogre hits you with a +0 giant spiked club! x2
You mangle the two-headed ogre!!
The two-headed ogre is heavily wounded.
The two-headed ogre hits you with a +0 giant spiked club!!
You block the two-headed ogre's attack.
You claw the two-headed ogre!
The two-headed ogre is severely wounded.
You closely miss the two-headed ogre.
The two-headed ogre is severely wounded.
The two-headed ogre hits you with a +0 giant spiked club! x2
* * * LOW HITPOINT WARNING * * *
You barely miss the two-headed ogre.
The two-headed ogre is severely wounded.
The two-headed ogre hits you with a +0 giant spiked club!
* * * LOW HITPOINT WARNING * * *
The two-headed ogre hits you with a +0 giant spiked club!!
You die...

.. .#
##.##.#
..(....
.......
.......
.......
####o..(...
#†.O#
#.#@###
#.#...#
######
..###.#
#....# .##
#.#####.##.#
..
#.......<#.#
##
########.#.#
#.#.# #...#
#####


You could see a two-headed ogre and an orc.

Vanquished Creatures
  Pikel (D:7)
  Grinder (D:5)
  Sigmund (D:6)
  Eustachio (D:4)
  7 fire elementals
  Menkaure (D:4)
  Edmund (D:5)
  2 water moccasins
  2 black bears (D:6)
  An ice beast (D:6)
  2 necrophages
  A sky beast (D:8)
  An ogre (D:5)
  3 lemures (D:7)
  A phantom (D:6)
  Blork the orc (D:5)
  A gnoll sergeant (D:4)
  A scorpion (D:5)
  4 killer bees (D:7)
  6 wights
  6 hounds
  Crazy Yiuf (D:5)
  3 orc priests
  A centaur skeleton (D:5)
  A jelly (D:7)
  A bullfrog skeleton (D:6)
  2 gnoll shamans
  4 iguanas
  6 orc wizards
  A killer bee zombie (D:5)
  7 adders
  20 gnolls
  A howler monkey skeleton (D:7)
  A shadow imp (D:7)
  2 white imps (D:7)
  An adder skeleton (D:4)
  8 dart slugs
  30 orcs
  7 ball pythons
  9 bats
  9 endoplasms
  4 giant cockroaches
  5 goblins
  11 hobgoblins
  5 jackals
  2 quokkas
  4 frilled lizards
  8 kobolds
  4 rats (D:1)
203 creatures vanquished.

Vanquished Creatures (others)
  105 foxfires
105 creatures vanquished.

Grand Total: 308 creatures vanquished

Notes
Turn   | Place    | Note
-------+----------+-------------------------------------------
     0 | D:1      | comborobin the Troll Cinder Acolyte began the quest for the
                  | Orb.
     0 | D:1      | Reached XP level 1. HP: 22/22 MP: 1/1
    35 | D:2      | Reached skill level 4 in Unarmed Combat
    35 | D:2      | Reached XP level 2. HP: 29/29 MP: 2/2
    85 | D:2      | You fall into a shaft and drop 2 floors!
    85 | D:4      | Noticed Eustachio
    92 | D:4      | Killed Eustachio
    93 | D:4      | Reached skill level 6 in Unarmed Combat
    93 | D:4      | Reached XP level 3. HP: 36/36 MP: 3/3
    93 | D:4      | Reached XP level 4. HP: 44/44 MP: 4/4
    93 | D:4      | Reached XP level 5. HP: 50/50 MP: 5/5
   185 | D:4      | Noticed a necrophage
   194 | D:4      | Killed a necrophage
   195 | D:4      | Reached XP level 6. HP: 54/59 MP: 6/6
   249 | D:4      | Reached skill level 7 in Unarmed Combat
   469 | D:4      | Found Bafosis's Distillery.
   643 | D:3      | Found a sparkling altar of Nemelex Xobeh.
   644 | D:3      | Found a radiant altar of Vehumet.
   961 | D:3      | Reached skill level 8 in Unarmed Combat
  1000 | D:4      | Noticed Menkaure
  1059 | D:3      | Reached XP level 7. HP: 28/66 MP: 7/7
  1218 | D:4      | Killed Menkaure
  1424 | D:4      | Reached skill level 9 in Unarmed Combat
  1532 | D:5      | Entered Level 5 of the Dungeon
  1654 | D:5      | Noticed Blork the orc
  1663 | D:5      | Killed Blork the orc
  1876 | D:6      | Noticed Sigmund
  1885 | D:6      | Killed Sigmund
  1886 | D:6      | Reached skill level 10 in Unarmed Combat
  1886 | D:6      | Reached XP level 8. HP: 70/74 MP: 8/8
  2029 | D:6      | Found Humonum's General Store.
  2054 | D:7      | Noticed Pikel
  2069 | D:7      | Killed Pikel
  2070 | D:7      | Reached skill level 11 in Unarmed Combat
  2332 | D:7      | Reached XP level 9. HP: 69/84 MP: 9/9
  2734 | D:6      | Found Dyijeoha's Specific Store.
  2742 | D:6      | Bought a potion of mutation for 96 gold pieces
  2742 | D:6      | Gained mutation: Your body sometimes deteriorates upon
                  | taking damage. [potion of mutation]
  2743 | D:6      | Lost mutation: Your body sometimes deteriorates upon taking
                  | damage. [potion of mutation]
  2743 | D:6      | Gained mutation: You tend to lose your temper in combat.
                  | [potion of mutation]
  2832 | D:6      | Reached skill level 5 in Fighting
  2954 | D:6      | Reached skill level 12 in Unarmed Combat
  3123 | D:6      | Found a staircase to the Ecumenical Temple.
  3188 | Temple   | Entered the Ecumenical Temple
  3359 | Temple   | Fell from the grace of Ignis
  3359 | Temple   | Became a worshipper of Cheibriados the Contemplative
  3574 | D:5      | Noticed Grinder
  3580 | D:5      | Killed Grinder
  3651 | D:5      | Noticed Edmund
  3669 | D:5      | Killed Edmund
  3772 | D:5      | Reached skill level 1 in Dodging
  3774 | D:5      | Reached skill level 1 in Shields
  3823 | D:5      | Found a runed translucent door.
  3824 | D:5      | Noticed Crazy Yiuf
  3831 | D:5      | Killed Crazy Yiuf
  4166 | D:4      | Reached * piety under Cheibriados
  4762 | D:2      | Lost mutation: You tend to lose your temper in combat.
                  | [potion of mutation]
  4762 | D:2      | Gained mutation: Your magical capacity is low. (-10% MP)
                  | [potion of mutation]
  4762 | D:2      | Gained mutation: You have hidden genetic defects. [potion
                  | of mutation]
  4762 | D:2      | Gained mutation: You are robust. (+10% HP) [potion of
                  | mutation]
  4907 | D:2      | Found a faded altar of an unknown god.
  5324 | D:1      | Reached ** piety under Cheibriados
  5956 | D:8      | Noticed a two-headed ogre
  5966 | D:8      | Mangled by a two-headed ogre

Illustrated notes

Levels and vault maps discovered:
D:1:      sevenhm_arrival_forest_fort_small_6, layout_basic, fountainhead
D:2:      layout_rooms, shapermc_ecumenical_altar_venn, kennysheep_donut,
          dk_vineyard_3, kennysheep_path_1
D:3:      layout_basic, mainiacjoe_overflow_divided_tiny
D:4:      nicolae_cairo_tiling_large, layout_cave_pods, serial_shops,
          nicolae_shop_stone, minmay_bent, uniq_menkaure, uniq_eustachio
D:5:      layout_rooms, uniq_blork_the_orc, uniq_crazy_yiuf_cottage,
          uniq_grinder, uniq_edmund
D:6:      layout_layer_cave, nicolae_uskayaw_murder_on_the_dancefloor,
          minmay_temple_entry_proselytizer, nicolae_specific_store,
          kennysheep_generic_room_4, uniq_sigmund
D:7:      layout_gridville, nrook_loot_triangle, uniq_pikel
D:8:      layout_basic, hangedman_ru_absence, uniq_grum
Temple:   bh_familiar_temple

Skill      XL: |  1  2  3  4  5  6  7  8  9 |
---------------+----------------------------+-----
Unarmed Combat | 4 6 8 10 11 12 | 12.6
Fighting       | 4 6 |  6.1
Dodging        | 1 |  1.3
Shields        | 1 |  1.3
Spellcasting   | |  1.0
Fire Magic     | |  2.1

Action                   |  1- 3 |  4- 6 |  7- 9 || total
-------------------------+-------+-------+-------++-------
Melee: Unarmed           |     7 |   120 |   402 ||   529
       Punch             |       |     3 |    10 ||    13
Throw: Throwing net      |       |       |     1 ||     1
Invok: Foxfire Swarm     |     3 |       |     3 ||     6
       Fiery Armour      |       |     1 |       ||     1
  Use: Potion            |       |     1 |     6 ||     7
 Stab: Sleeping          |       |       |     1 ||     1
Armor: Robe              |     3 |    53 |   159 ||   215
Dodge: Dodged            |     7 |    69 |   151 ||   227
Block: Kite shield       |       |       |    64 ||    64

Table legend: (Time is in decaauts)
 A = Elapsed time spent in this place.
 B = Non-inter-level travel time spent in this place.
 C = Inter-level travel time spent in this place.
 D = Time resting spent in this place.
 E = Time spent auto-exploring this place.
 F = Levels seen in this place.
 G = Mean time per level.
                   A        B        C        D        E       F      G
               +--------+--------+--------+--------+--------+-----+--------+
         Total |   6774 |   6128 |    646 |    350 |   4464 |   9 |  752.7 |
       Dungeon |   6574 |   5958 |    616 |    350 |   4302 |   8 |  821.8 |
        Temple |    199 |    169 |     30 |      0 |    162 |   1 |  199.0 |
               +--------+--------+--------+--------+--------+-----+--------+

Top non-repeatable levels by time:
     D:4: 1484 daAuts
     D:3: 1007 daAuts
     D:2: 910 daAuts
     D:6: 900 daAuts
     D:5: 787 daAuts
     D:1: 735 daAuts
     D:7: 708 daAuts
  Temple: 199 daAuts
     D:8: 40 daAuts
